 Dungeon Sprint DCSS version 0.19-a0-1907-gcff654f (webtiles) character file.

143 jerryfan the Covert (level 7, -2/32 HPs)
             Began as a Spriggan Enchanter on Oct 21, 2016.
             Was a Follower of Fedhas.
             Shot with an arrow by a naga sharpshooter (12 damage)
             ... in the Dungeon (Sprint VI: "Thunderdome").
             The game lasted 00:21:16 (850 turns).

jerryfan the Covert (Spriggan Enchanter)             Turns: 850, Time: 00:21:17

Health: -2/32      AC:  3    Str:  1    XL:     7   Next: 40%
Magic:  7/21       EV: 22    Int: 19    God:    Fedhas [*.....]
Gold:   121        SH:  0    Dex: 23    Spells: 5 memorised, 14 levels left

rFire  + . .     SeeInvis +     p - +2 dagger (venom)
rCold  + . .     Gourm    .     q - +1 robe of Omission {MR++ rCorr Str-3}
rNeg   . . .     Faith    .     (shield restricted)
rPois  .         Spirit   .     (helmet restricted)
rElec  .         Reflect  .     (no cloak)
rCorr  +         Harm     .     (gloves unavailable)
MR     +++..     NoTele   +     (boots unavailable)
Stlth  +++++.....               (no amulet)
                                s - ring of Nokess {*Corrode rF+ Dex+7}
                                r - ring "Foilawe" {Wiz -Tele rC+ SInv}

@: lethally poisoned (-2 -> -5), very slightly contaminated, hasted, very quick
A: unfitting armour, see invisible, herbivore 3, speed 3, slow metabolism 2
a: Fungal Bloom, Evolution, Renounce Religion


You were in the Dungeon.
You worshipped Fedhas.
Fedhas was aware of your devotion.
You were not hungry.

You visited 1 branch You collected 410 gold pieces.
You spent 289 gold pieces at shops.

Inventory:

Hand Weapons
 a - a +1 dagger
 p - a +2 dagger of venom (weapon)
Missiles
 t - 4 stones (quivered)
Armour
 b - a +1 robe
 q - the +1 robe of Omission (worn) {MR++ rCorr Str-3}
   (You bought it in a shop in the Dungeon)

   It affects your strength (-3).
   It affects your resistance to hostile enchantments.
   It protects you from acid and corrosion.
Jewellery
 r - the ring "Foilawe" (left hand) {Wiz -Tele rC+ SInv}
   (You bought it in a shop in the Dungeon)

   [ring of wizardry]

   It improves your spell success rate.
   It protects you from cold.
   It lets you see invisible.
   It prevents most forms of teleportation.
 s - the ring of Nokess (right hand) {*Corrode rF+ Dex+7}
   (You bought it in a shop in the Dungeon)

   [ring of protection from fire]

   It affects your dexterity (+7).
   It protects you from fire.
   It may corrode you when you take damage.
Wands
 k - a wand of acid (0/15)
 l - a wand of iceblast (0/15)
Scrolls
 j - 4 scrolls of blinking
 m - 2 scrolls of fog
Potions
 g - 2 potions of haste
 i - a potion of berserk rage
 n - a potion of resistance
 o - a potion of lignification {unknown}
Books
 c - a book of Maledictions

   Spells                             Type                      Level
   a - Corona                         Hexes                        1
   b - Ensorcelled Hibernation        Hexes/Ice                    2
   c - Confuse                        Hexes                        3
   d - Tukima's Dance                 Hexes                        3
   e - Dazzling Spray                 Conjuration/Hexes            3
Comestibles
 d - a bread ration


   Skills:
 + Level 0.2 Fighting
 + Level 3.7 Short Blades
 + Level 5.7 Dodging
 + Level 11.9 Stealth
 + Level 10.0 Spellcasting
 + Level 2.9 Conjurations
 + Level 11.7 Hexes
 + Level 4.8 Evocations


You had 14 spell levels left.
You knew the following spells:

 Your Spells              Type           Power        Failure   Level  Hunger
a - Corona                Hex            ######.      1%          1    None
b - Tukima's Dance        Hex            ######..     1%          3    None
c - Dazzling Spray        Conj/Hex       #####.       1%          3    None
d - Ensorcelled Hibernat  Hex/Ice        ####..       1%          2    None
e - Confuse               Hex            ######..     1%          3    None


Dungeon Overview and Level Annotations

Branches:
Dungeon (1/1)

Altars:
Cheibriados
Dithmenos
Fedhas
Gozag
Kikubaaqudgha
Makhleb
Okawaru
Qazlal
Ru
Sif Muna
Trog
Uskayaw
Vehumet
Xom
Yredelemnul
Zin
The Shining One
Beogh
Jiyva
Lugonu

Shops:
D *[%??*?*:[((!!!!


Innate Abilities, Weirdness & Mutations

You are very small and have problems with some larger weapons.
You are too small for most types of armour.
You have supernaturally acute eyesight. (SInv)
You are a herbivore.
You cover ground extremely quickly.
You need consume almost no food.


Message History

The naga sharpshooter is severely wounded.
The naga sharpshooter is dazzled.
Casting: Dazzling Spray
Confirm with . or Enter, or press ? or * to list all spells.
Aiming: Dazzling Spray
Press: ? - help, Shift-Dir - straight line, f/p - naga sharpshooter
Aim: a naga sharpshooter, wielding a longbow (severely wounded, blind)
The spray of energy hits the naga sharpshooter.
The naga sharpshooter is severely wounded.
The naga sharpshooter is dazzled.
The naga sharpshooter shoots an arrow.
The arrow misses you.
Casting: Dazzling Spray
Confirm with . or Enter, or press ? or * to list all spells.
Aiming: Dazzling Spray
Press: ? - help, Shift-Dir - straight line, f/p - naga sharpshooter
Aim: a naga sharpshooter, wielding a longbow (severely wounded, blind)
The spray of energy misses the naga sharpshooter.
You feel sick.
The naga sharpshooter shoots an arrow.
The arrow hits you!
You die...
Fedhas appreciates your contribution to the ecosystem.

#_......._# #.........#
###.........### #⌠...........⌠#
######.8.N.......8.######
##∩___%.....###......_._∩##
###∩......).8.# #.8........∩###
##.†...†...(...###.............#
#⌠..........###@..###..........⌠
#⌠†.....)...# #(<.# #..........⌠
#⌠.....[..S.###N(.###..........⌠
##..%...[......###....(........#
###∩.......%8.# #.8........∩###
##∩___......###......___∩##
######.8.........8.######
#⌠.......§...⌠# ###.....§§§.###


You could see a naga sharpshooter (blind) and a salamander.

Vanquished Creatures
  Maurice (D)
  A water moccasin (D)
  Purgy (D)
  A crimson imp (D)
  A quasit (D)
  A hound (D)
  Jessica (D)
  A worker ant (D)
  An adder (D)
  A river rat (D)
  A worm (D)
  A goblin (D)
  5 kobolds (D)
  3 rats (D)
20 creatures vanquished.

Vanquished Creatures (others)
  A dancing weapon (D)
  A kobold (D)
2 creatures vanquished.

Grand Total: 22 creatures vanquished

Notes
Turn   | Place    | Note
-------+----------+-------------------------------------------
     0 | D        | jerryfan the Spriggan Enchanter began the quest for the Orb.
     0 | D        | Reached XP level 1. HP: 9/9 MP: 5/5
     1 | D        | Found an iron altar of Okawaru.
     2 | D        | Found a blossoming altar of Fedhas.
     2 | D        | Found an ancient bone altar of Kikubaaqudgha.
     3 | D        | Found a hide-covered altar of Uskayaw.
     3 | D        | Found a glowing silver altar of Zin.
     4 | D        | Found Ykenuk's Bee Food.
     4 | D        | Found a burning altar of Makhleb.
     4 | D        | Found a roughly hewn altar of Beogh.
     4 | D        | Found Pouman's Identification Station.
     5 | D        | Found Tinleech's Jewellery.
     5 | D        | Found Moyhenuy's Advanced Armour.
     9 | D        | Round 1.
    10 | D        | Became a worshipper of Fedhas Madash
    13 | D        | Noticed Jessica
    15 | D        | Found a radiant altar of Vehumet.
    15 | D        | Found Kowolene's Magic Scroll Shop.
    16 | D        | Killed Jessica
    16 | D        | Reached XP level 2. HP: 13/13 MP: 7/7
    21 | D        | Found a shadowy altar of Dithmenos.
    22 | D        | Found a corrupted altar of Lugonu.
    70 | D        | Reached XP level 3. HP: 13/16 MP: 4/9
    91 | D        | Learned a level 3 spell: Tukima's Dance
   139 | D        | Learned a level 3 spell: Dazzling Spray
   157 | D        | Arena points: 5 (+5) [x1]
   167 | D        | Bought an ancient robe for 199 gold pieces
   175 | D        | Round 2.
   177 | D        | Identified the +1 robe of Omission {MR++ rCorr Str-3} (You bought it in a shop in the Dungeon)
   182 | D        | Found a snail-covered altar of Cheibriados.
   184 | D        | Found Lynliula's Premium Goods.
   185 | D        | Found a glowing golden altar of the Shining One.
   185 | D        | Found a bloodstained altar of Trog.
   185 | D        | Found Riesa's Weapon Rack.
   185 | D        | Found Cabymm's Miscellaneous Merchandise.
   185 | D        | Found Baacizu's Basic Armour.
   242 | D        | Reached XP level 4. HP: 21/21 MP: 2/11
   249 | D        | Noticed Purgy
   256 | D        | Killed Purgy
   256 | D        | Reached skill level 5 in Dodging
   256 | D        | Reached skill level 5 in Spellcasting
   256 | D        | Reached skill level 1 in Evocations
   256 | D        | Reached XP level 5. HP: 24/24 MP: 0/14
   262 | D        | Found a basalt altar of Yredelemnul.
   325 | D        | Reached * piety under Fedhas
   337 | D        | Noticed a porcupine
   346 | D        | Arena points: 17 (+12) [x1]
   367 | D        | Found Xuluv's Magic Scroll Shop.
   368 | D        | Found Duiresir's Must-Have Magic.
   370 | D        | Round 3.
   373 | D        | Found Funapopi's Staff Store.
   373 | D        | Found a shimmering altar of Xom.
   373 | D        | Found a viscous altar of Jiyva.
   538 | D        | Arena points: 59 (+42) [x2]
   579 | D        | Bought a shimmering marble ring for 45 gold pieces
   579 | D        | Bought a coiled bone ring for 45 gold pieces
   579 | D        | Identified the ring "Foilawe" {Wiz -Tele rC+ SInv} (You bought it in a shop in the Dungeon)
   580 | D        | Identified the ring of Nokess {*Corrode rF+ Dex+7} (You bought it in a shop in the Dungeon)
   585 | D        | Learned a level 2 spell: Ensorcelled Hibernation
   589 | D        | Learned a level 3 spell: Confuse
   589 | D        | Round 4.
   591 | D        | Noticed a water moccasin
   593 | D        | Noticed Maurice
   594 | D        | Reached skill level 10 in Stealth
   597 | D        | Killed a water moccasin
   597 | D        | Reached skill level 1 in Conjurations
   597 | D        | Reached skill level 10 in Hexes
   597 | D        | Reached XP level 6. HP: 28/28 MP: 1/17
   603 | D        | Killed Maurice
   603 | D        | Reached XP level 7. HP: 32/32 MP: 2/21
   611 | D        | Noticed a wyvern
   617 | D        | Reached skill level 10 in Spellcasting
   626 | D        | Found a deep blue altar of Sif Muna.
   627 | D        | Found a stormy altar of Qazlal.
   628 | D        | Found Woakelua's Do-It-Yourself Clinic.
   628 | D        | Found an opulent altar of Gozag.
   628 | D        | Found a sacrificial altar of Ru.
   628 | D        | Found Eddugaq's Distillery.
   629 | D        | Found Vyityrgh's Bottled Wisdom.
   629 | D        | Found Ostibb's Distillery.
   695 | D        | Arena points: 143 (+84) [x3]
   718 | D        | Round 5.
   721 | D        | Noticed a naga warlord
   768 | D        | Noticed a black mamba
   807 | D        | HP: 1/32 [black mamba (13)]
   809 | D        | Noticed a salamander
   824 | D        | Noticed a naga sharpshooter
   850 | D        | Shot with an arrow by a naga sharpshooter

Vault maps used:
D:        arena_sprint

Skill      XL: |  1  2  3  4  5  6  7 |
---------------+----------------------+-----
Dodging        | 4 5 |  5.7
Stealth        | 6 7 9 10 11 | 11.9
Spellcasting   | 3 4 5 7 9 10 | 10.0
Hexes          | 6 7 9 10 11 | 11.7
Short Blades   | 2 3 |  3.7
Evocations     | 1 2 4 |  4.8
Conjurations   | 1 2 |  2.9
Fighting       | |  0.2

Action                   |  1- 3 |  4- 6 |  7- 9 || total
-------------------------+-------+-------+-------++-------
Melee: Dagger            |    14 |     5 |    12 ||    31
 Cast: Corona            |     4 |       |       ||     4
       Tukima's Dance    |     2 |       |     1 ||     3
       Dazzling Spray    |     1 |    10 |    16 ||    27
       Confuse           |       |       |     2 ||     2
       Ensorcelled Hiber |       |       |     2 ||     2
Evoke: Wand              |     3 |     7 |       ||    10
  Use: Potion            |       |       |     9 ||     9
       Scroll            |       |       |     1 ||     1
 Stab: Invisible         |     1 |       |       ||     1
Armor: Robe              |     2 |       |     3 ||     5
Dodge: Dodged            |    10 |     5 |    46 ||    61
